 Dungeon Crawl Stone Soup version 0.20.1-1-g8b1a95d (webtiles) character file.

172 Monsterracer the Conjurer (level 5, -3/28 HPs)
             Began as a Deep Elf Wizard on July 7, 2017.
             Slain by a river rat (4 damage)
             ... on level 3 of the Dungeon.
             The game lasted 00:08:08 (2681 turns).

Monsterracer the Conjurer (Deep Elf Wizard)         Turns: 2681, Time: 00:08:09

Health: -3/28      AC:  4    Str:  4      XL:     5   Next: 27%
Magic:  2/14       EV: 12    Int: 22 (24) God:
Gold:   214        SH:  0    Dex: 10 (13) Spells: 2/13 levels left

rFire    . . .     SeeInvis .   i - +3 quarterstaff (chaos)
rCold    . . .     Gourm    .   (shield currently unavailable)
rNeg     . . .     Faith    .   a - +0 robe
rPois    .         Spirit   .   b - +0 hat
rElec    .         Reflect  .   j - +0 cloak
rCorr    .         Harm     .   h - +0 pair of gloves
MR       .....                  (no boots)
Stlth    +.........             (no amulet)
Regen    0.1/turn               (no ring)
MPRegen  0.2/turn               (no ring)

@: very slightly contaminated, very slow
A: no striking features
a: no special abilities


You were on level 3 of the Dungeon.
You were not hungry.

You visited 1 branch of the dungeon, and saw 3 of its levels.

You collected 214 gold pieces.

Inventory:

Hand Weapons
 i - a +3 quarterstaff of chaos (weapon)
Armour
 a - a +0 robe (worn)
 b - a +0 hat (worn)
 h - a +0 pair of gloves (worn)
 j - a +0 cloak (worn)
 k - a +0 leather armour of magic resistance
Scrolls
 e - a scroll of recharging {unknown}
 f - 2 scrolls of immolation {unknown}
 l - a scroll of amnesia {unknown}
Potions
 m - a potion of heal wounds
Comestibles
 d - 3 bread rations
 g - 2 royal jellies


   Skills:
 - Level 2.4 Dodging
 - Level 2.4 Stealth
 + Level 4.7 Spellcasting
 * Level 5.1 Conjurations
 - Level 1.1 Summonings
 - Level 1.1 Translocations
 + Level 1.0 Fire Magic
 + Level 1.0 Air Magic


You had 2 spell levels left.
You knew the following spells:

 Your Spells              Type           Power        Failure   Level  Hunger
a - Magic Dart            Conj           ####         1%          1    None
b - Conjure Flame         Conj/Fire      ###.....     9%          3    ##.....
c - Mephitic Cloud        Conj/Pois/Air  ##......     14%         3    ##.....
d - Call Imp              Summ           ##......     10%         2    None
e - Blink                 Tloc           N/A          10%         2    None


Dungeon Overview and Level Annotations

Branches:
Dungeon (3/15)

Altars:


Message History

The worm is severely wounded.
The worm bites you.
* * * LOW HITPOINT WARNING * * *
Huge Dmg: -18%(-5hp) hp: 11%(3hp)
Casting: Magic Dart
Confirm with . or Enter, or press ? or * to list all spells.
Okay, then.
Casting: Magic Dart
Confirm with . or Enter, or press ? or * to list all spells.
You blink.
Splash!
* * * LOW MAGIC WARNING * * *
You hear an angry hiss.
The rat splashes around in the water.
The river rat bites you.
* * * LOW HITPOINT WARNING * * *
An adder comes into view.
Huge Dmg: -7%(-2hp) hp: 4%(1hp)
The rat bites you but does no damage. The rat barely misses you.
The river rat bites you.
You die...

####### #...≈≈#
#..≈≈≈#
##...#≈#######≈#
#...≈≈≈#≈≈≈rr≈≈≈
#...≈#≈#≈########
#..≈≈≈≈#†≈@rw##≈#
#...≈#≈#≈#r#≈≈§≈#
#...≈#≈#≈#S######
#†.†.#≈≈≈#≈≈
##.†..########
#.(#### #.#########
#....†....#########
#.#######.##......#


You could see a worm, an adder, a river rat and a rat.

Vanquished Creatures
  Crazy Yiuf (D:2)
  4 adders
  2 river rats (D:3)
  An ooze (D:3)
  3 worms
  3 dart slugs
  2 leopard geckos
  3 orcs (D:3)
  2 ball pythons (D:2)
  3 giant cockroaches (D:1)
  13 goblins
  4 hobgoblins
  3 jackals (D:1)
  11 kobolds
  4 bats
  2 frilled lizards (D:2)
  6 rats
67 creatures vanquished.

Notes
Turn   | Place    | Note
-------+----------+-------------------------------------------
     0 | D:1      | Monsterracer the Deep Elf Wizard began the quest for the Orb.
     0 | D:1      | Reached XP level 1. HP: 10/10 MP: 7/7
   263 | D:1      | Reached skill level 2 in Conjurations
   296 | D:1      | Reached XP level 2. HP: 15/15 MP: 5/9
   477 | D:1      | Learned a level 2 spell: Blink
   615 | D:1      | Reached skill level 3 in Conjurations
   761 | D:1      | Reached XP level 3. HP: 19/19 MP: 5/10
   766 | D:1      | Learned a level 3 spell: Conjure Flame
   770 | D:1      | Learned a level 3 spell: Mephitic Cloud
  1039 | D:2      | Found a runed door.
  1069 | D:2      | Noticed Crazy Yiuf
  1087 | D:2      | Killed Crazy Yiuf
  1087 | D:2      | Reached skill level 4 in Conjurations
  1087 | D:2      | Reached XP level 4. HP: 24/24 MP: 0/12
  1353 | D:2      | Learned a level 2 spell: Call Imp
  2534 | D:3      | Reached XP level 5. HP: 28/28 MP: 11/14
  2597 | D:3      | Reached skill level 5 in Conjurations
  2618 | D:3      | Reached skill level 1 in Fire Magic
  2636 | D:3      | Reached skill level 1 in Air Magic
  2680 | D:3      | HP: 1/28 [river rat (2)]
  2681 | D:3      | Slain by a river rat

Skill      XL: |  1  2  3  4  5 |
---------------+----------------+-----
Conjurations   | 2 3 4 5 |  5.1
Fire Magic     | 1 |  1.0
Air Magic      | 1 |  1.0
Dodging        | |  2.4
Stealth        | |  2.4
Spellcasting   | |  4.7
Summonings     | |  1.1
Translocations | |  1.1

Action                   |  1- 3 |  4- 6 || total
-------------------------+-------+-------++-------
Melee: Quarterstaff      |       |    14 ||    14
 Cast: Magic Dart        |    60 |    96 ||   156
       Conjure Flame     |     1 |     1 ||     2
       Mephitic Cloud    |       |     1 ||     1
       Blink             |       |     1 ||     1
  Use: Potion            |     1 |     4 ||     5
 Stab: Sleeping          |       |     1 ||     1
  Eat: Chunk             |       |     5 ||     5
Armor: Robe              |     1 |     8 ||     9
Dodge: Dodged            |     7 |    26 ||    33
